 Dungeon Crawl Stone Soup version 0.29.1-1-gd02db6906a (webtiles) character file.

Game seed: 13092965923477061849

5311 lonewolfV2 the Basher (level 10, -11/61 HPs)
             Began as a Gargoyle Fighter on Oct 16, 2022.
             Was a Believer of Trog.
             Mangled by a two-headed ogre
             ... wielding a +0 giant club
              (25 damage)
             ... on level 9 of the Dungeon.
             The game lasted 00:20:52 (9941 turns).

lonewolfV2 the Basher (Gargoyle Fighter)            Turns: 9941, Time: 00:20:53

Health: -11/61     AC: 26    Str: 24    XL:     10   Next: 64%
Magic:  10/10      EV: 10    Int:  9    God:    Trog [**....]
Gold:   372        SH:  5    Dex:  9    Spells: 9/9 levels left

rFire   + . .      SeeInvis .   m - +4 morningstar (protect)
rCold   x . .      Faith    .   c - +0 buckler
rNeg    + + .      Spirit   .   b - +1 scale mail
rPois   ∞          Reflect  .   (no helmet)
rElec   +          Harm     .   j - +2 cloak
rCorr   .          Rampage  .   (no gloves)
Will    .....                   (no boots)
Stlth   ..........              (no amulet)
HPRegen 0.20/turn               h - ring of positive energy
MPRegen 0.12/turn               r - ring of fire

@: under a protective aura
A: sickness immunity, AC +7, negative energy resistance 1, electricity
resistance, torment resistance 1, petrification resistance
a: Renounce Religion, Berserk, Trog's Hand


You were on level 9 of the Dungeon.
You worshipped Trog.
Trog was pleased with you.
You visited 2 branches of the dungeon, and saw 10 of its levels.

You collected 372 gold pieces.

Inventory:

Hand Weapons
 a - a +0 vampiric flail
 m - a +4 morningstar of protection (weapon)
Armour
 b - a +1 scale mail (worn)
 c - a +0 buckler (worn)
 j - a +2 cloak (worn)
Jewellery
 h - a ring of positive energy (left hand)
 r - a ring of fire (right hand)
 x - an amulet of magic regeneration
 y - a +6 ring of dexterity
Wands
 p - a wand of roots (23) (quivered)
 t - a wand of polymorph (16)
Scrolls
 l - 6 scrolls of teleportation
 u - a scroll of blinking
 w - 2 scrolls of identify
 z - 2 scrolls of enchant armour
 B - a scroll of acquirement
 C - a scroll of silence
Potions
 d - 3 potions of invisibility
 e - 2 potions of ambrosia
 f - a potion of degeneration
 g - 2 potions of heal wounds
 i - a potion of lignification
 k - 4 potions of curing
 n - 2 potions of brilliance
 o - 3 potions of berserk rage
 q - a potion of haste
 s - 4 potions of mutation
 v - 3 potions of might
 A - a potion of attraction


   Skills:
 * Level 6.8 Fighting
 * Level 11.7 Maces & Flails
 * Level 7.6 Armour
 + Level 3.2 Dodging
 + Level 1.0 Stealth
 + Level 5.7 Shields


You had 9 spell levels left.
You didn't know any spells.
Your spell library contained the following spells:

 Spells                   Type           Power      Damage    Failure   Level
 Static Discharge         Conj/Air       0%         3-3/arc   86%         2
 Call Canine Familiar     Summ           0%         N/A       98%         3
 Ozocubu's Armour         Ice            0%         N/A       98%         3
 Portal Projectile        Hex/Tloc       0%         N/A       98%         3
 Leda's Liquefaction      Hex/Erth       0%         N/A       100%        4
 Lightning Bolt           Conj/Air       0%         1d11      100%        5
 Ozocubu's Refrigeration  Ice            0%         4d7       100%        7
 Maxwell's Capacitive Co  Air            0%         ∞         100%        8


Dungeon Overview and Level Annotations

Branches:
Dungeon (9/15)             Temple (1/1) D:5
   Lair: D:8-11         Orc: D:9-12

Altars:
Cheibriados
Dithmenos
Elyvilon
Hepliaklqana
Kikubaaqudgha
Makhleb
Nemelex Xobeh
Okawaru
Qazlal
Ru
Sif Muna
Trog
Uskayaw
Vehumet
Wu Jian
Xom
Yredelemnul
Zin
The Shining One


Innate Abilities, Weirdness & Mutations

You are immune to sickness and miasma.
Your stone body is resilient. (AC +7)
You are immune to poison.
You resist negative energy. (rN+)
You are resistant to electric shocks. (rElec)
You are resistant to unholy torment.
You are immune to petrification.


Message History

You hit the two-headed ogre.
The two-headed ogre is severely wounded.
The gnoll is no longer moving quickly.
You block the gnoll's attack.
The two-headed ogre hits you but does no damage.
You block the two-headed ogre's attack.
You hit the two-headed ogre.
The two-headed ogre is severely wounded.
The gnoll hits you but does no damage.
You barely miss the two-headed ogre.
The two-headed ogre is severely wounded.
The two-headed ogre hits you with a +0 giant club!
The two-headed ogre hits you but does no damage.
The gnoll hits you from afar with a +0 spear.
* * * LOW HITPOINT WARNING * * *
You hit the two-headed ogre.
The two-headed ogre is severely wounded.
You block the gnoll's attack. You block the two-headed ogre's attack.
The two-headed ogre misses you.
You hit the two-headed ogre.
The two-headed ogre is severely wounded.
The gnoll hits you from afar with a +0 spear.
* * * LOW HITPOINT WARNING * * *
You feel better.
The two-headed ogre hits you with a +0 giant club.
* * * LOW HITPOINT WARNING * * *
The two-headed ogre barely misses you. The gnoll hits you but does no damage.
You hit the two-headed ogre but do no damage.
The two-headed ogre is severely wounded.
The gnoll hits you from afar with a +0 spear.
* * * LOW HITPOINT WARNING * * *
You puncture the two-headed ogre!
The two-headed ogre is almost dead.
The two-headed ogre hits you with a +0 giant club!
* * * LOW HITPOINT WARNING * * *
The two-headed ogre hits you with a +0 giant spiked club.
* * * LOW HITPOINT WARNING * * *
The gnoll misses you.
You feel much better.
The two-headed ogre hits you with a +0 giant club!!
You die...

*,,,,,,,,* #.#
##.#.## *,,,,,,,,*
#.# #.###.#
*,,,,,,,,*##.##
##.#.##
*,,,,,,,,##...##
#.#.#.#
,,,,,.,,,#.....#
##.#.##
*,,,,...,#...[.#
#.###.#
*,,,,....#.....#
##.#.##
,,,**..##≈....#######
#.#.#.#
,,,,,..g≈≈≈..ggO@)..#
##.#.##
,,,~,.≈~≈~..#########
#.###.# *,~~~g~gO...*
***** ##.#.##
~~~**.####.#* *,,,*
#.#.#.#
*,***,***#.******,***
##.#.##
*,***,,,,..,,,,,,,*
#.###.#
,,,,,,**##.******,***
##.#.## *,***,* *,*
*..^###.#.#.# *,* *,*
*,* **#.........#


You could see a two-headed ogre and 2 gnolls.

Vanquished Creatures
  Pikel (D:4)
  The ghost of miserystealer the Conjurer, a novice DrCj of Nemelex Xobeh (D:6)
  Grinder (D:4)
  A shadow (D:9)
  3 yaks (D:9)
  A steam dragon (D:8)
  Menkaure (D:4)
  Edmund (D:5)
  2 water moccasins
  A black bear (D:7)
  4 orc warriors
  2 ice beasts
  A sky beast (D:8)
  3 centaurs
  4 ogres
  A phantom (D:6)
  2 kobold brigands
  Blork the orc (D:5)
  2 bullfrogs (D:7)
  2 necrophages (D:5)
  5 scorpions
  3 killer bees (D:8)
  A crimson imp (D:4)
  2 hounds
  3 jellies
  4 orc priests
  5 iguanas
  6 orc wizards
  4 adders
  8 gnolls
  A shadow imp (D:5)
  4 white imps
  5 worms
  2 dart slugs
  31 orcs
  9 ball pythons
  8 bats
  6 endoplasms
  10 giant cockroaches
  6 goblins
  8 hobgoblins
  3 jackals (D:3)
  18 kobolds
  2 quokkas
  6 frilled lizards
  6 rats
201 creatures vanquished.

Vanquished Creatures (others)
  An orc wizard (D:3)
  11 plants (D:6)
12 creatures vanquished.

Grand Total: 213 creatures vanquished

Notes
Turn   | Place    | Note
-------+----------+-------------------------------------------
     0 | D:1      | lonewolfV2 the Gargoyle Fighter began the quest for the
                  | Orb.
     0 | D:1      | Reached XP level 1. HP: 14/14 MP: 1/1
   159 | D:1      | Reached XP level 2. HP: 19/19 MP: 2/2
   484 | D:1      | Found a faded altar of an unknown god.
   528 | D:1      | Reached XP level 3. HP: 23/24 MP: 3/3
  1163 | D:2      | Identified the +4 robe of Donerph {rElec}
  1174 | D:2      | Identified the +2 robe of Courage {rF+ Str+2}
  1597 | D:2      | Reached XP level 4. HP: 27/29 MP: 4/4
  1686 | D:2      | Reached skill level 3 in Maces & Flails
  2051 | D:3      | Found a snail-covered altar of Cheibriados.
  2095 | D:3      | You fall into a shaft and drop 2 floors!
  2095 | D:5      | Entered Level 5 of the Dungeon
  2808 | D:3      | Noticed a centaur
  2841 | D:3      | Reached XP level 5. HP: 9/33 MP: 5/5
  3358 | D:3      | Identified a scroll of acquirement
  3358 | D:3      | Acquired a +4 morningstar of protection
  3419 | D:4      | Noticed a lemure
  3421 | D:4      | Noticed a lemure
  3421 | D:4      | Noticed Pikel
  3423 | D:4      | Noticed a lemure
  3423 | D:4      | Noticed a lemure
  3433 | D:4      | Killed Pikel
  3434 | D:4      | Reached skill level 5 in Maces & Flails
  3434 | D:4      | Reached skill level 1 in Dodging
  3434 | D:4      | Reached XP level 6. HP: 35/39 MP: 6/6
  3434 | D:4      | Reached XP level 7. HP: 40/44 MP: 7/7
  3472 | D:4      | Noticed Menkaure
  3482 | D:4      | Killed Menkaure
  3483 | D:4      | Reached skill level 5 in Armour
  3829 | D:4      | Reached skill level 6 in Maces & Flails
  4067 | D:4      | Found a hide-covered altar of Uskayaw.
  4149 | D:4      | Noticed Grinder
  4157 | D:4      | Killed Grinder
  4158 | D:4      | Reached XP level 8. HP: 35/48 MP: 8/8
  4466 | D:5      | Reached skill level 7 in Maces & Flails
  4503 | D:5      | Found a basalt altar of Yredelemnul.
  4795 | D:5      | Reached skill level 8 in Maces & Flails
  4931 | D:5      | Found a staircase to the Ecumenical Temple.
  4940 | Temple   | Entered the Ecumenical Temple
  5117 | Temple   | Became a worshipper of Trog the Wrathful
  5406 | D:5      | Noticed Edmund
  5416 | D:5      | Killed Edmund
  5417 | D:5      | Reached skill level 5 in Fighting
  5417 | D:5      | Reached XP level 9. HP: 41/54 MP: 9/9
  5700 | D:5      | Noticed Blork the orc
  5712 | D:5      | Killed Blork the orc
  5713 | D:5      | Reached skill level 9 in Maces & Flails
  6122 | D:6      | Found a runed translucent door.
  6122 | D:6      | Noticed miserystealer's ghost (novice DrCj)
  6145 | D:6      | Killed miserystealer's ghost
  6381 | D:6      | Reached skill level 5 in Shields
  6425 | D:6      | Reached * piety under Trog
  6429 | D:6      | Reached skill level 10 in Maces & Flails
  7531 | D:7      | Reached XP level 10. HP: 60/60 MP: 10/10
  7733 | D:7      | Reached skill level 11 in Maces & Flails
  7931 | D:7      | Found a stormy altar of Qazlal.
  7931 | D:7      | Found a shadowy altar of Dithmenos.
  7974 | D:7      | Found a sparkling altar of Nemelex Xobeh.
  8125 | D:8      | Reached skill level 1 in Stealth
  8239 | D:8      | Found an ancient bone altar of Kikubaaqudgha.
  8538 | D:8      | Reached ** piety under Trog
  8796 | D:8      | Found a radiant altar of Vehumet.
  9124 | D:8      | Found a shimmering blue altar of Sif Muna.
  9914 | D:9      | Noticed a two-headed ogre
  9940 | D:9      | HP: 3/61 [two-headed ogre/+0 giant club (4)]
  9941 | D:9      | Mangled by a two-headed ogre

Illustrated notes

Levels and vault maps discovered:
D:1:      heliophobic_arrival_battle_scene, layout_basic,
          hellmonk_ecumenical_altar_leap_of_faith
D:2:      layout_loops_corners, st_stairs_3, minmay_pentomino_pile
D:3:      layout_rooms, mainiacjoe_overflow_small_starburst
D:4:      layout_basic, mainiacjoe_overflow_alcove_2, minmay_fire_ice_demons,
          uniq_grinder, uniq_pikel, uniq_menkaure
D:5:      layout_basic, yredelemnul_altar_generic, minmay_temple_entry_poolview,
          grunt_decor_cap, uniq_edmund, uniq_blork_the_orc
D:6:      layout_loops_ring, hellmonk_ghost_happy_afterlife, st_stairs_2,
          kennysheep_boxes
D:7:      layout_gridville, nemelex_spade_bored_becter,
          gammafunk_temple_overflow_elements, kennysheep_generic_room_13
D:8:      layout_cave_pools, grunt_temple_overflow_magic_moments,
          grunt_ministairs_10
D:9:      layout_loops_ring, mainiacjoe_overflow_alcove_1,
          chequers_serial_rivers_small_a, roderic_roman_lattice
Temple:   zaba_magenta_temple

Skill      XL: |  1  2  3  4  5  6  7  8  9 10 |
---------------+-------------------------------+-----
Maces & Flails | 3 5 6 8 10 11 | 11.7
Armour         | 4 5 6 7 |  7.6
Shields        | 4 5 |  5.7
Fighting       | 4 5 6 |  6.8
Dodging        | 1 2 3 |  3.2
Stealth        | 1 |  1.0

Action                   |  1- 3 |  4- 6 |  7- 9 | 10-12 || total
-------------------------+-------+-------+-------+-------++-------
Melee: Flail             |   119 |   170 |       |       ||   289
       Morningstar       |       |    10 |   230 |   193 ||   433
  Use: Scroll            |     5 |     5 |     7 |     3 ||    20
       Potion            |       |     1 |       |     3 ||     4
Armor: Scale mail        |    64 |   146 |   155 |   207 ||   572
       Robe              |    10 |       |       |       ||    10
Dodge: Dodged            |    69 |   111 |   125 |   126 ||   431
Block: Buckler           |    28 |    62 |    56 |    59 ||   205
